 Dungeon Crawl Stone Soup version 0.30-a0-719-gcc4359ea44 (webtiles) character file.

Game seed: 3550843582089728518

1061 kae the Changer (level 8, -1/64 HPs)
             Began as a Demonspawn Transmuter on Jan 26, 2023.
             Was a Believer of Okawaru.
             Slain by Grinder (4 damage)
             ... on level 6 of the Dungeon.
             The game lasted 00:04:04 (4702 turns).

kae the Changer (Demonspawn Transmuter)             Turns: 4702, Time: 00:04:04

Health: -1/64      AC:  7    Str: 10    XL:     8   Next: 6%
Magic:  9/14       EV: 12    Int: 18    God:    Okawaru [**....]
Gold:   252        SH:  0    Dex: 13    Spells: 5/15 levels left

rFire   . . .      SeeInvis +      - Unarmed
rCold   + + +      Faith    .    (shield currently unavailable)
rNeg    . . .      Spirit   .    (body armour currently unavailable)
rPois   +          Reflect  .    (helmet currently unavailable)
rElec   .          Harm     .    (cloak currently unavailable)
rCorr   .          Rampage  .    (gloves currently unavailable)
Will    .....                    (boots currently unavailable)
Stlth   +++                      (no amulet)
HPRegen 0.30/turn                F - ring of protection from fire
MPRegen 0.14/turn                v - ring of see invisible

@: ice-form, heroic
A: freezing attack, amphibious, boosted hp, large, (demonic guardian 2),
(weakness stinger 1)
a: End Transformation, Renounce Religion, Heroism


You were on level 6 of the Dungeon.
You worshipped Okawaru.
Okawaru was pleased with you.
You were a creature of crystalline ice.
You visited 1 branch of the dungeon, and saw 6 of its levels.

You collected 252 gold pieces.


Innate Abilities, Weirdness & Mutations

You are a creature of crystalline ice.
You have a powerful freezing melee attack.
You are amphibious.
Your maximum health is increased.
Your armour is entirely melded.
You are incapable of wielding weapons or throwing items.
((A demonic guardian rushes to your aid.))
((You have a small tail.))


   Skills:
 - Level 1.0(6.0) Fighting
 - Level 1.7(6.7) Dodging
 + Level 4.3(9.3) Unarmed Combat
 + Level 4.0 Spellcasting
 * Level 5.1 Transmutations
 * Level 2.7 Ice Magic
 - Level 2.0 Poison Magic
 + Level 4.6 Invocations


You had 5 spell levels left.
You knew the following spells:

 Your Spells              Type           Power      Damage    Failure   Level
a - Beastly Appendage     Tmut           44%        N/A       1%          1
b - Wereblood             Tmut           22%        N/A       2%          2
c - Spider Form           Tmut/Pois      16%        N/A       10%         3
d - Ice Form              Ice/Tmut       17%        N/A       28%         4

Your spell library contained the following spells:

 Spells                   Type           Power      Damage    Failure   Level
 Passwall                 Tmut/Erth      10%        N/A       8%          2
 Sandblast                Erth           6%         2d5       14%         1
 Slow                     Hex            12%        N/A       14%         1
 Confusing Touch          Hex            3%         N/A       41%         3
 Stone Arrow              Conj/Erth      6%         3d7       41%         3
 Vampiric Draining        Necr           3%         2d6       41%         3
 Olgreb's Toxic Radiance  Pois           10%        N/A       54%         4
 Ozocubu's Refrigeration  Ice            6%         4d8       100%        7
 Ignition                 Fire           1%         3d3       100%        8

Inventory:

Missiles
 c - 45 stones
 k - 4 javelins
 n - 12 poisoned darts
 t - 2 boomerangs
Armour
 a - a +0 robe (melded)
 u - a +2 helmet (melded)
   (You found it on level 4 of the Dungeon)
 A - a +1 pair of gloves (melded)
   (You found it on level 4 of the Dungeon)
Magical Staves
 y - a staff of cold {!a}
   (You found it on level 4 of the Dungeon)
 B - a staff of death {!a}
   (You found it on level 5 of the Dungeon)
Jewellery
 v - a ring of see invisible (right front paw)
   (You found it on level 3 of the Dungeon)
 F - a ring of protection from fire (left front paw)
   (You found it on level 1 of the Dungeon)
 W - a ring of magical power
   (You found it on level 3 of the Dungeon)
Wands
 s - a wand of paralysis (6)
   (You found it on level 5 of the Dungeon)
 w - a wand of quicksilver (11)
   (You found it on level 4 of the Dungeon)
Scrolls
 p - 2 scrolls of teleportation {@r4}
 r - a scroll of fog
Potions
 b - a potion of lignification {!q}
 d - 2 potions of brilliance {unknown}
 e - 2 potions of attraction {unknown}
 f - a potion of berserk rage {unknown}
 g - a potion of mutation {unknown}
 h - 2 potions of flight {unknown}
 i - 2 potions of haste {@q3}
 j - 2 potions of degeneration {!q}
 l - 4 potions of curing {@q1}
 m - 2 potions of heal wounds {@q2}
 o - a potion of magic
 z - 3 potions of invisibility {unknown}

Dungeon Overview and Level Annotations

Branches:
Dungeon (6/15) Zot: 26882  Temple (0/1) D:4

Altars:
Okawaru

Annotations:
D:6 Grinder

#+### .##...#
...!.# ....# ###+
#...+ ....##...#
.........#
......5Y.#
....##.).# ##### #
#...##.....
##..........
#...........
#...........
#...........
####'##.....
#######
#...#########......


You could see Grinder.


Message History

You regained 2 mp, and now have 8/13 mp.
You now have 252 gold pieces (gained 13).
Grinder and a wight come into view.
The wight is wielding a +3 flail of freezing.
Grinder shouts!
You hear a shout! 😎 HP[+9] MP[+5]
Your hp is fully restored (54).
Your mp is fully restored (13).
Unknown command.
Grinder gestures at you.
You suddenly lose the ability to move!
Grinder says, "DUCK!"
You can move again.
Unknown command.
Casting: Spider Form (dangerous; 11% risk of failure)
Confirm with . or Enter, or press ? or * to list all spells.
The spell is quite dangerous to miscast (30% risk of failure)!
Continue anyway? [Y]es or [N]o only, please.
The spell is quite dangerous to miscast (30% risk of failure)!
Continue anyway?
You turn into a creature of crystalline ice.
Your +2 helmet melds into your body.
Your +1 pair of gloves melds into your body.
Your +0 robe melds into your body. 😎 HP[+10] MP[-4]
You now have 64 max hp (+10).
Your hp is fully restored (64).
You lost 4 mp, and now have 9/13 mp.
Okay, then.
You gain the combat prowess of a mighty hero.
Grinder blinks!
The wight hits you with a +3 flail of freezing! 😕 HP[-10] MP[-2]
You take 10 damage, and now have 54/64 hp.
You lost 2 mp, and now have 7/13 mp.
Unknown command.
You hit the wight. Grinder gestures at you. Pain shoots through your body!
The wight misses you. 😕 HP[-3]
You take 3 damage, and now have 51/64 hp.
You punch the wight!
Grinder says, "I used to sell toenails on the black market."
Grinder blinks!
The wight hits you with a +3 flail of freezing! 😮 HP[-7]
You take 7 damage, and now have 44/64 hp.
Unknown command.
You pummel the wight!!
You destroy the wight!
Okawaru accepts your kill.
Your Spellcasting skill increases to level 4!
Unknown command.
You closely miss Grinder. Grinder hits you.
You writhe in agony. 😮 HP[-5]
You take 5 damage, and now have 39/64 hp.
You hit Grinder but do no damage. Grinder gestures at you.
You suddenly lose the ability to move!
Grinder hits you! Grinder hits you.
* * * LOW HITPOINT WARNING * * *
Grinder hits you but does no damage.
You can move again.
You punch Grinder! Grinder hits you but does no damage.
Unknown command. 😨 HP[-9] MP[+1]
You take 9 damage, and now have 30/64 hp.
Unknown command.
You hit Grinder. Grinder misses you.
Unknown command.
You barely miss Grinder. Grinder hits you.
* * * LOW HITPOINT WARNING * * *
You writhe in agony.
* * * LOW HITPOINT WARNING * * *
😨 HP[-10]
You take 10 damage, and now have 20/64 hp.
Unknown command.
You barely miss Grinder. 😨 HP[+1] Unknown command.
You pummel Grinder!! Grinder hits you!
* * * LOW HITPOINT WARNING * * *
You writhe in agony.
* * * LOW HITPOINT WARNING * * *
😱 HP[-10] MP[+1]
You take 10 damage, and now have 11/64 hp.
Unknown command.
You barely miss Grinder. Grinder gestures at you. You resist with some effort.
Unknown command.
You barely miss Grinder. Grinder hits you.
* * * LOW HITPOINT WARNING * * *
You writhe in agony.
* * * LOW HITPOINT WARNING * * *
😱 HP[-7]
You take 7 damage, and now have 4/64 hp.
Unknown command.
You hit Grinder but do no damage. Grinder hits you.
* * * LOW HITPOINT WARNING * * *
You writhe in agony.
You die...

Skill      XL: |  1  2  3  4  5  6  7  8 |
---------------+-------------------------+-----
Transmutations | 2 3 4 5 |  5.1
Unarmed Combat | 3 4 |  4.3
Invocations    | 1 2 3 4 |  4.6
Poison Magic   | 1 2 |  2.0
Spellcasting   | 3 4 |  4.0
Ice Magic      | 1 2 |  2.7
Fighting       | |  1.0
Dodging        | |  1.7

Action                     |  1- 3 |  4- 6 |  7- 9 || total
---------------------------+-------+-------+-------++-------
  Melee: Unarmed           |    91 |   140 |    51 ||   282
         Kick              |    19 |    24 |     1 ||    44
         Headbutt          |     8 |     9 |     1 ||    18
         Tailslap          |     9 |    12 |     1 ||    22
         Punch             |     1 |     1 |       ||     2
   Cast: Beastly Appendage |    24 |    21 |     1 ||    46
         Spider Form       |       |     6 |     6 ||    12
         Wereblood         |       |     3 |       ||     3
         Ice Form          |       |       |     1 ||     1
 Invoke: Heroism           |       |     1 |     3 ||     4
    Use: Scroll            |     1 |     6 |     4 ||    11
 Armour: Robe              |    12 |    18 |     2 ||    32
         Skin              |       |     5 |     3 ||     8
  Dodge: Dodged            |    71 |   122 |    28 ||   221

Levels and vault maps discovered:
D:1:      heliophobic_arrival_enchanted_forest, layout_basic,
          basic_ecumenical_altar
D:2:      layout_basic, hex_large
D:3:      layout_rooms
D:4:      layout_cave_pods, minmay_temple_entry_mist
D:5:      layout_basic, due_unseen_surprise, uniq_sigmund
D:6:      layout_gridville, serial_shops, nicolae_shop_stone,
          uniq_prince_ribbit1, uniq_grinder

Notes
Turn   | Place    | Note
-------+----------+-------------------------------------------
     0 | D:1      | kae the Demonspawn Transmuter began the quest for the Orb.
     0 | D:1      | Reached XP level 1. HP: 15/15 MP: 3/3
     0 | D:1      | magus.rc [v1.11.3]
    40 | D:1      | Reached skill level 2 in Transmutations
   143 | D:1      | Found a faded altar of an unknown god.
   163 | D:1      | Prayed at the altar of an unknown god.
   163 | D:1      | Became a worshipper of Warmaster Okawaru
   163 | D:1      | Reached * piety under Okawaru
   197 | D:1      | Gained mutation: You have a small tail. [demonic ancestry]
   197 | D:1      | Reached XP level 2. HP: 19/21 MP: 3/5
   810 | D:2      | Reached skill level 3 in Unarmed Combat
   810 | D:2      | Reached skill level 1 in Invocations
   810 | D:2      | Reached XP level 3. HP: 26/26 MP: 6/6
   813 | D:2      | Learned a level 2 spell: Wereblood
   817 | D:2      | Learned a level 3 spell: Spider Form
  1319 | D:2      | Reached XP level 4. HP: 31/32 MP: 5/7
  1554 | D:2      | Reached skill level 1 in Poison Magic
  1704 | D:3      | You pick up a book of Debilitation and begin reading...
  1704 | D:3      | You add the spells Slow, Vampiric Draining and Confusing
                  | Touch to your library.
  1880 | D:3      | Reached skill level 3 in Transmutations
  1880 | D:3      | Reached skill level 2 in Invocations
  2349 | D:4      | Gained mutation: A weak demonic guardian rushes to your
                  | aid. [demonic ancestry]
  2349 | D:4      | Reached XP level 5. HP: 37/37 MP: 7/9
  2621 | D:4      | Found a staircase to the Ecumenical Temple.
  2663 | D:4      | Reached skill level 2 in Poison Magic
  3309 | D:5      | Entered Level 5 of the Dungeon
  3390 | D:5      | Noticed a centaur
  3403 | D:5      | Killed a centaur
  3403 | D:5      | Reached ** piety under Okawaru
  3404 | D:5      | Reached skill level 3 in Spellcasting
  3404 | D:5      | Reached skill level 3 in Invocations
  3404 | D:5      | Reached XP level 6. HP: 32/43 MP: 1/10
  3573 | D:5      | You pick up a book of Geomancy and begin reading...
  3573 | D:5      | You add the spells Sandblast, Passwall and Stone Arrow to
                  | your library.
  3600 | D:5      | Reached skill level 4 in Transmutations
  3607 | D:5      | Learned a level 4 spell: Ice Form
  3687 | D:5      | You add the spells Olgreb's Toxic Radiance, Ozocubu's
                  | Refrigeration and Ignition to your library.
  3732 | D:5      | Noticed Sigmund
  3744 | D:4      | Reached skill level 1 in Ice Magic
  3744 | D:4      | Gained mutation: A demonic guardian rushes to your aid.
                  | [demonic ancestry]
  3744 | D:4      | Reached XP level 7. HP: 28/48 MP: 7/12
  4008 | D:5      | Killed Sigmund
  4009 | D:5      | Reached skill level 4 in Unarmed Combat
  4009 | D:5      | Reached skill level 4 in Invocations
  4366 | D:5      | Reached skill level 2 in Ice Magic
  4386 | D:5      | Reached skill level 5 in Transmutations
  4620 | D:6      | Reached XP level 8. HP: 40/54 MP: 6/13
  4678 | D:6      | Noticed Grinder
  4679 | D:6      | Paralysed by Grinder for 5 turns
  4689 | D:6      | Reached skill level 4 in Spellcasting
  4691 | D:6      | Paralysed by Grinder for 3 turns
  4699 | D:6      | HP: 14/64 [Grinder (7)]
  4701 | D:6      | HP: 4/64 [Grinder (6)]
  4702 | D:6      | Slain by Grinder

Vanquished Creatures
  Sigmund (D:5)
  A sky beast (D:6)
  2 ogres
  2 centaurs (D:5)
  A bullfrog (D:5)
  A scorpion (D:5)
  A wight (D:6)
  2 hounds
  An iguana (D:3)
  An orc wizard (D:4)
  10 adders
  2 white imps (D:5)
  4 worms
  A dart slug (D:2)
  2 orcs (D:4)
  4 bats
  8 endoplasms
  4 giant cockroaches
  8 goblins
  9 hobgoblins
  3 jackals (D:2)
  6 kobolds
  3 quokkas
  8 ball pythons
  2 frilled lizards
  4 rats (D:1)
91 creatures vanquished.

Table legend:
 A = Non-vault XP
 B = Vault XP
 C = Vault XP percentage of total XP
 D = Non-vault monster count
 E = Vault monster count
 F = Vault count percentage of total count
                 A         B        C        D         E       F
            +---------+---------+-------+---------+---------+-------
      Total |    1291 |     226 |  14.9 |      90 |       1 |   1.1
            +---------+---------+-------+---------+---------+-------
        D:1 |      31 |       0 |   0.0 |      18 |       0 |   0.0
        D:2 |      71 |       0 |   0.0 |      26 |       0 |   0.0
        D:3 |      85 |       0 |   0.0 |      15 |       0 |   0.0
        D:4 |     255 |       0 |   0.0 |      16 |       0 |   0.0
        D:5 |     647 |     226 |  25.9 |      13 |       1 |   7.1
        D:6 |     202 |       0 |   0.0 |       2 |       0 |   0.0
            +---------+---------+-------+---------+---------+-------

Illustrated notes

Table legend:
 A = Kills in this place as a percentage of kills in entire the game.
 B = Kills by you in this place as a percentage of kills by you in the entire game.
 C = Kills by friends in this place as a percentage of kills by friends in the entire game.
 D = Other kills in this place as a percentage of other kills in the entire game.
 E = Experience gained in this place as a percentage of experience gained in the entire game.
 F = Experience gained in this place divided by the number of levels of this place that you have seen.
                   A       B       C       D       E      F
               +-------+-------+-------+-------+-------+----------------------
         Total | 100.0 | 100.0 |   N/A |   N/A | 100.0 | 252.8
       Dungeon | 100.0 | 100.0 |   N/A |   N/A | 100.0 | 252.8
               +-------+-------+-------+-------+-------+----------------------

Table legend: (Time is in decaauts)
 A = Elapsed time spent in this place.
 B = Non-inter-level travel time spent in this place.
 C = Inter-level travel time spent in this place.
 D = Time resting spent in this place.
 E = Time spent auto-exploring this place.
 F = Levels seen in this place.
 G = Mean time per level.
                   A        B        C        D        E       F      G
               +--------+--------+--------+--------+--------+-----+--------+
         Total |   4681 |   4457 |    224 |     42 |   3622 |   6 |  780.2 |
       Dungeon |   4681 |   4457 |    224 |     42 |   3622 |   6 |  780.2 |
               +--------+--------+--------+--------+--------+-----+--------+

Top non-repeatable levels by time:
     D:4: 1117 daAuts
     D:5: 1112 daAuts
     D:2: 917 daAuts
     D:1: 789 daAuts
     D:3: 626 daAuts
     D:6: 117 daAuts
